 Dungeon Crawl Stone Soup version 0.28-a0-1555-g9ae15a6949 (webtiles) character file.

Game seed: 5559248507108679939

175 Hasart the Insei (level 5, -7/34 HPs)
             Began as an Octopode Transmuter on Jan 18, 2022.
             Was an Initiate of Gozag.
             Mangled by an ogre (30 damage)
             ... on level 4 of the Dungeon.
             The game lasted 00:04:47 (3395 turns).

Hasart the Insei (Octopode Transmuter)              Turns: 3395, Time: 00:04:47

Health: -7/34      AC:  2    Str: 10    XL:     5   Next: 55%
Magic:  7/9        EV: 20    Int: 17    God:    Gozag
Gold:   151        SH:  0    Dex: 17    Spells: 3/9 levels left

rFire   . . .      SeeInvis .     - Unarmed
rCold   . . .      Faith    .   (shield currently unavailable)
rNeg    . . .      Spirit   .   (helmet currently unavailable)
rPois   x          Reflect  .   (no amulet)
rElec   .          Harm     .   (no ring)
rCorr   .          Rampage  .   (no ring)
Will    .....                   (no ring)
Stlth   ++........              (no ring)
HPRegen 0.11/turn               (no ring)
MPRegen 0.11/turn               (no ring)
                                (no ring)
                                (no ring)

@: spider-form (expiring)
A: venomous fangs, almost no armour, (amphibious), 8 rings, tiny, (camouflage
1), (gelatinous body 1), (nimble swimmer 1), (tentacles)
a: End Transformation, Renounce Religion, Potion Petition, Call Merchant, Bribe
Branch


You were on level 4 of the Dungeon.
You worshipped Gozag.
Gozag was aware of your devotion.
You were a venomous arachnid creature.
You visited 1 branch of the dungeon, and saw 4 of its levels.

You collected 188 gold pieces.
You paid 37 gold pieces to Gozag.

Inventory:

Scrolls
 a - a scroll of brand weapon {unknown}
 c - 4 scrolls of identify {unknown}
 h - a scroll of fear {unknown}
 i - a scroll of enchant weapon {unknown}
Potions
 b - a potion of invisibility {unknown}
 d - a potion of haste {unknown}
 e - a potion of lignification {unknown}
 f - 2 potions of curing {unknown}
 g - a potion of brilliance {unknown}


   Skills:
 + Level 2.0 Fighting
 + Level 2.8 Dodging
 * Level 4.1 Unarmed Combat
 + Level 2.7 Spellcasting
 + Level 2.8 Transmutations
 + Level 1.2 Poison Magic


You had 3 spell levels left.
You knew the following spells:

 Your Spells              Type           Power      Damage    Failure   Level
a - Beastly Appendage     Tmut           22%        N/A       16%         1
b - Wereblood             Tmut           11%        N/A       22%         2
c - Spider Form           Tmut/Pois      9%         N/A       45%         3

Your spell library contained the following spells:

 Spells                   Type           Power      Damage    Failure   Level
 Animate Skeleton         Necr           4%         N/A       38%         1
 Apportation              Tloc           4%         N/A       38%         1
 Summon Small Mammal      Summ           8%         N/A       38%         1
 Ice Form                 Ice/Tmut       7%         N/A       86%         4


Dungeon Overview and Level Annotations

Branches:
Dungeon (4/15)
 Temple: D:4-7

Altars:
Gozag
Makhleb

Annotations:
D:3 p0werm0de's ghost, amateur MiCK


Innate Abilities, Weirdness & Mutations

You are a venomous arachnid creature.
You have poisonous fangs.
You are tiny and dextrous.
Your spellcasting is less reliable in this form.
Your armour is entirely melded.
You are incapable of wielding weapons or throwing items.
You cannot wear most types of armour.
((You are amphibious.))
You can wear up to eight rings at the same time.
((Your skin changes colour to match your surroundings (Stealth+).))
((Your rubbery body absorbs attacks. (AC +1, EV +1)))
((You are camouflaged when in or above water. (Stealth+)))
((You have tentacles for arms and can constrict up to eight enemies at once.))


Message History

You start resting.
Magic restored.
HP restored.
c - 4 scrolls labelled YSATOZILA (gained 1)
You now have 146 gold pieces (gained 16).
A goblin comes into view. It is wielding a +0 club.
The goblin shouts!
You hear a shout!
A goblin is nearby!
The goblin closely misses you.
You bludgeon the goblin!
You kill the goblin!
You now have 151 gold pieces (gained 5).
You see here a +0 club.
An ogre comes into view. It is wielding a +0 giant club.
Found a mace.
The ogre shouts!
An ogre is nearby!
You see here a +0 club.
Casting: Spider Form (quite dangerous; 24% risk of failure)
Confirm with . or Enter, or press ? or * to list all spells.
The spell is quite dangerous to miscast (24% risk of failure)!
Continue anyway?
You turn into a venomous arachnid creature.
You bite the ogre!
The ogre is moderately wounded.
The ogre completely misses you.
You completely miss the ogre.
The ogre is moderately wounded.
You hit the ogre.
The ogre is poisoned.
The ogre is moderately wounded.
The ogre completely misses you.
You hit the ogre but do no damage.
The ogre looks even sicker.
The ogre is moderately wounded.
The ogre hits you with a +0 giant club!
Your transformation is almost over.
You hit the ogre.
The ogre looks as sick as possible!
The ogre is severely wounded.
The ogre hits you with a +0 giant club!!
Ouch! That really hurt!
You die...
Your body crumbles into a pile of gold.

##........#
##...#####
##......#
#...###.#
#..####.# $
#.......#
#.###.....
#...# ###.
#.#s# #.#O#
#+#####.###.#
............#
.....##.#####
.......)#
........#
.....##.#
........#


You could see an ogre (extremely poisoned).

Vanquished Creatures
  An ice beast (D:4)
  A hound (D:2)
  A gnoll (D:1)
  A dart slug (D:1)
  5 bats
  2 endoplasms
  A giant cockroach (D:1)
  4 goblins
  6 hobgoblins
  4 jackals (D:2)
  2 quokkas
  2 frilled lizards (D:3)
  3 kobolds (D:1)
  7 rats
40 creatures vanquished.

Notes
Turn   | Place    | Note
-------+----------+-------------------------------------------
     0 | D:1      | Hasart the Octopode Transmuter began the quest for the Orb.
     0 | D:1      | Reached XP level 1. HP: 13/13 MP: 3/3
   668 | D:1      | Reached XP level 2. HP: 18/18 MP: 3/5
   671 | D:1      | Learned a level 2 spell: Wereblood
  1217 | D:1      | Reached XP level 3. HP: 13/23 MP: 6/6
  1221 | D:1      | Learned a level 3 spell: Spider Form
  2041 | D:2      | Found a burning altar of Makhleb.
  2183 | D:2      | Reached XP level 4. HP: 22/28 MP: 7/7
  2850 | D:3      | Found a runed translucent gate.
  2850 | D:3      | Found a runed translucent gate.
  2850 | D:3      | Found a runed translucent gate.
  2853 | D:3      | Found an opulent altar of Gozag.
  2872 | D:3      | Noticed p0werm0de's ghost (amateur MiCK)
  3109 | D:3      | Became a worshipper of Gozag Ym Sagoz the Greedy
  3193 | D:4      | Noticed an ice beast
  3222 | D:4      | Killed an ice beast
  3223 | D:4      | Reached skill level 4 in Unarmed Combat
  3223 | D:4      | Reached skill level 1 in Poison Magic
  3223 | D:4      | Reached XP level 5. HP: 19/34 MP: 6/9
  3381 | D:4      | Noticed an ogre
  3395 | D:4      | Mangled by an ogre

Illustrated notes

Levels and vault maps discovered:
D:1:      wander_arrival_estate, layout_basic
D:2:      layout_loops_ring, basic_altar
D:3:      layout_rooms, mainiacjoe_overflow_alcove_4, ebering_ghost_gozag,
          nicolae_ecumenical_snake_handling
D:4:      layout_basic, st_stairs_9, uniq_natasha

Skill      XL: |  1  2  3  4 |
---------------+-------------+-----
Fighting       | 2 |  2.0
Unarmed Combat | 4 |  4.1
Poison Magic   | 1 |  1.2
Dodging        | |  2.8
Spellcasting   | |  2.7
Transmutations | |  2.8

Action                   |  1- 3 |  4- 6 || total
-------------------------+-------+-------++-------
Melee: Unarmed           |    70 |    43 ||   113
       Constrict         |    19 |     7 ||    26
       Tentacles         |    12 |     2 ||    14
 Cast: Beastly Appendage |     1 |       ||     1
       Spider Form       |     1 |     2 ||     3
       Wereblood         |       |     1 ||     1
 Stab: Sleeping          |     3 |       ||     3
Armor: Skin              |     4 |       ||     4
Dodge: Dodged            |    42 |    31 ||    73

Table legend: (Time is in decaauts)
 A = Elapsed time spent in this place.
 B = Non-inter-level travel time spent in this place.
 C = Inter-level travel time spent in this place.
 D = Time resting spent in this place.
 E = Time spent auto-exploring this place.
 F = Levels seen in this place.
 G = Mean time per level.
                   A        B        C        D        E       F      G
               +--------+--------+--------+--------+--------+-----+--------+
         Total |   3388 |   3279 |    109 |    526 |   2214 |   4 |  847.0 |
       Dungeon |   3388 |   3279 |    109 |    526 |   2214 |   4 |  847.0 |
               +--------+--------+--------+--------+--------+-----+--------+

Top non-repeatable levels by time:
     D:1: 1512 daAuts
     D:2: 1385 daAuts
     D:3: 270 daAuts
     D:4: 220 daAuts
